 Dungeon Crawl Stone Soup version 0.29-a0-483-g69413ace17 (webtiles) character file.

Game seed: 8415176519207051796

30 Hubjo the Firebug (level 3, -1/20 HPs)
             Began as a Deep Elf Fire Elementalist on May 25, 2022.
             Was a Follower of Wu Jian.
             Slain by a rat (2 damage)
             ... on level 1 of the Dungeon.
             The game lasted 00:00:55 (1528 turns).

Hubjo the Firebug (Deep Elf Fire Elementalist)      Turns: 1528, Time: 00:00:55

Health: -1/20      AC:  2    Str:  5    XL:     3   Next: 5%
Magic:  9/9        EV: 12    Int: 21    God:    Wu Jian [*.....]
Gold:   48         SH:  0    Dex: 15    Spells: 7/8 levels left

rFire   . . .      SeeInvis .   (no weapon)
rCold   . . .      Faith    .   (no shield)
rNeg    . . .      Spirit   .   a - +0 robe
rPois   .          Reflect  .   (no helmet)
rElec   .          Harm     .   (no cloak)
rCorr   .          Rampage  .   (no gloves)
Will    .....                   (no boots)
Stlth   ++........              (no amulet)
HPRegen 0.06/turn               (no ring)
MPRegen 0.11/turn               (no ring)

@: no status effects
A: no striking features
a: Renounce Religion


You were on level 1 of the Dungeon.
You worshipped Wu Jian.
Wu Jian was aware of your devotion.
You visited 1 branch of the dungeon, and saw 1 of its levels.

You collected 48 gold pieces.

Inventory:

Armour
 a - a +0 robe (worn)
Scrolls
 e - a scroll of magic mapping {unknown}
 f - a scroll of poison {unknown}
 g - a scroll of summoning {unknown}
 i - a scroll of noise {unknown}
Potions
 b - a potion of magic
 c - 2 potions of heal wounds {unknown}
 d - a potion of degeneration {unknown}
 h - a potion of lignification {unknown}


   Skills:
 * Level 1.3 Fighting
 - Level 2.4 Dodging
 + Level 2.9 Stealth
 + Level 3.4 Spellcasting
 - Level 1.1 Conjurations
 + Level 3.5 Fire Magic


You had 7 spell levels left.
You knew the following spells:

 Your Spells              Type           Power      Damage    Failure   Level
a - Foxfire               Conj/Fire      52%        2x1d6     4%          1

Your spell library contained the following spells:

 Spells                   Type           Power      Damage    Failure   Level
 Scorch                   Fire           36%        2d6       4%          2
 Conjure Flame            Conj/Fire      13%        6-21      14%         3
 Inner Flame              Hex/Fire       11%        N/A       19%         3
 Flame Wave               Conj/Fire      13%        2d6       43%         4


Dungeon Overview and Level Annotations

Branches:
Dungeon (1/15)

Altars:
Wu Jian


Message History

The rat closely misses you. The rat bites you but does no damage.
The rat bites you but does no damage. The rat bites you. The rat bites you.
The rat barely misses you. The rat bites you but does no damage.
The rat barely misses you. The rat bites you but does no damage.
The rat barely misses you. The rat bites you. The rat closely misses you.
The rat barely misses you. The rat bites you. The rat barely misses you.
The rat barely misses you. The rat closely misses you. The rat bites you.
* * * LOW HITPOINT WARNING * * *
The rat misses you. The rat barely misses you. The rat bites you.
* * * LOW HITPOINT WARNING * * *
The rat misses you. The rat closely misses you.
The rat bites you but does no damage. The rat closely misses you.
The rat bites you.
* * * LOW HITPOINT WARNING * * *
The rat barely misses you. The rat bites you.
* * * LOW HITPOINT WARNING * * *
The rat misses you. The rat bites you but does no damage. The rat bites you.
* * * LOW HITPOINT WARNING * * *
The rat closely misses you. The rat completely misses you. The rat bites you.
You die...

###.# #..#
..#.#.....#..# ...
......#..## ...
........(.
#...).....#..#
#.#.#.....#..#####
#.#.###.........).
#r...........#####
#@..#######.## #
#.### #†###### #.#
#....... #.#
######## #.# # #.#
# #.# #### #.#
....... #.######
.######


You could see a rat.

Vanquished Creatures
  A dart slug (D:1)
  2 ball pythons (D:1)
  2 bats (D:1)
  2 endoplasms (D:1)
  2 giant cockroaches (D:1)
  4 goblins (D:1)
  3 kobolds (D:1)
  3 quokkas (D:1)
  5 frilled lizards (D:1)
  3 rats (D:1)
27 creatures vanquished.

Vanquished Creatures (others)
  162 foxfires (D:1)
162 creatures vanquished.

Grand Total: 189 creatures vanquished

Notes
Turn   | Place    | Note
-------+----------+-------------------------------------------
     0 | D:1      | Hubjo the Deep Elf Fire Elementalist began the quest for
                  | the Orb.
     0 | D:1      | Reached XP level 1. HP: 10/10 MP: 6/6
   372 | D:1      | Reached XP level 2. HP: 16/16 MP: 1/8
   692 | D:1      | Reached skill level 1 in Fighting
  1125 | D:1      | Reached XP level 3. HP: 20/20 MP: 6/9
  1431 | D:1      | Found a faded altar of an unknown god.
  1436 | D:1      | Prayed at the altar of an unknown god.
  1436 | D:1      | Became a worshipper of the Wu Jian Council
  1436 | D:1      | Reached * piety under Wu Jian
  1525 | D:1      | HP: 1/20 [rat (2)]
  1528 | D:1      | Slain by a rat

Illustrated notes

Levels and vault maps discovered:
D:1:      lightli_arrival_isolated_outpost, layout_loops_ring,
          shapermc_ecumenical_altar_venn, minmay_unequal

Skill      XL: |  1  2 |
---------------+-------+-----
Fighting       | 1 |  1.3
Dodging        | |  2.4
Stealth        | |  2.9
Spellcasting   | |  3.4
Conjurations   | |  1.1
Fire Magic     | |  3.5

Action                   || total
-------------------------++-------
 Cast: Foxfire           ||   101
Armor: Robe              ||     9
Dodge: Dodged            ||    40

Table legend: (Time is in decaauts)
 A = Elapsed time spent in this place.
 B = Non-inter-level travel time spent in this place.
 C = Inter-level travel time spent in this place.
 D = Time resting spent in this place.
 E = Time spent auto-exploring this place.
 F = Levels seen in this place.
 G = Mean time per level.
                   A        B        C        D        E       F      G
               +--------+--------+--------+--------+--------+-----+--------+
         Total |   1534 |   1534 |      0 |      0 |   1278 |   1 | 1534.0 |
       Dungeon |   1534 |   1534 |      0 |      0 |   1278 |   1 | 1534.0 |
               +--------+--------+--------+--------+--------+-----+--------+

Top non-repeatable levels by time:
     D:1: 1534 daAuts
